 Dungeon Crawl Stone Soup version 0.15.0-25-gd84c1e8 (webtiles) character file.

80 Kashira the Magician (level 4, -2/37 HPs)
             Began as a Naga Wizard on Sept 10, 2014.
             Slain by a jackal (3 damage)
             ... on Level 2 of the Dungeon.
             The game lasted 00:07:40 (2024 turns).

Kashira the Magician (Naga Wizard)                  Turns: 2024, Time: 00:07:41

HP  -2/37        AC  2     Str  9      XL: 4   Next: 39%
MP   0/11        EV  9     Int 20      God:
Gold 73          SH  0     Dex  9      Spells:  4 memorised,  3 levels left

rFire  . . .     SeeInvis +     o - +0 mace
rCold  . . .     Clarity  .     p - +0 leather armour
rNeg   . . .     rCorr    .     (no shield)
rPois  +         rRot     .     b - +0 hat
rElec  .         Spirit   .     (no cloak)
SustAb .         Warding  .     (no gloves)
rMut   .         Stasis   .     (no barding)
Gourm  .                        (no amulet)
MR     .....                    (no ring)
                                k - cursed ring of loudness

@: short of breath, very slightly contaminated, very slow, not resistant to
hostile enchantments, very unstealthy
A: spit poison, see invisible, deformed body, poison resistance, slowness 2, AC
+1
a: Spit Poison


You were on level 2 of the Dungeon.
You were very hungry.

You visited 1 branch of the dungeon, and saw 2 of its levels.

You collected 73 gold pieces.

Inventory:

Hand weapons
 m - a +0 short sword
 o - a +0 mace (weapon)
Armour
 a - a +0 robe
 b - a +0 hat (worn)
 p - a +0 leather armour (worn)
Comestibles
 d - 2 bread rations
 f - 3 fruits
 l - a meat ration
Scrolls
 e - 2 scrolls of identify {unknown}
 g - a scroll of fear {unknown}
 h - 2 scrolls of remove curse {unknown}
 r - a scroll of noise {unknown}
Jewellery
 k - a cursed ring of loudness (left hand)
Potions
 i - a potion of brilliance {unknown}
 j - 4 potions of curing {unknown}
 n - a potion of cure mutation {unknown}
 q - 2 potions of degeneration {unknown}
 s - a potion of resistance {unknown}
Books
 c - a book of Minor Magic

   Spells                             Type                      Level
   *Magic Dart                        Conjuration                  1
   *Blink                             Translocation                2
   Call Imp                           Summoning                    2
   *Repel Missiles                    Charms/Air                   2
   Slow                               Hexes                        2
   *Conjure Flame                     Conjuration/Fire             3
   Mephitic Cloud                     Conjuration/Poison/Air       3


   Skills:
 + Level 0.6 Fighting
 + Level 2.0 Dodging
 - Level 3.0 Stealth
 * Level 4.2 Spellcasting
 + Level 1.7 Conjurations
   Level 1.0 Summonings
 + Level 1.0 Translocations


You had 3 spell levels left.
You knew the following spells:

 Your Spells              Type           Power        Failure   Level  Hunger
a - Magic Dart            Conj           ##..         10%         1    None
b - Blink                 Tloc           N/A          14%         2    #......
c - Repel Missiles        Chrm/Air       #.....       21%         2    #......
d - Conjure Flame         Conj/Fire      #.......     30%         3    ###....


Dungeon Overview and Level Annotations

Branches:
Dungeon (2/15)

Altars:
Xom
Zin


Innate Abilities, Weirdness & Mutations

You cannot wear boots.
You can spit poison.
Your serpentine skin is tough (AC +1).
You have supernaturally acute eyesight.
Armour fits poorly on your strangely shaped body.
Your system is resistant to poisons.
You cover ground very slowly.


Message History

Press: ? - help, Shift-Dir - straight line, f/p - jackal
Aim: a jackal (lightly wounded)
The magic dart hits the jackal.
The jackal is severely wounded.
The jackal bites you but does no damage.
The jackal bites you.
* * * LOW HITPOINT WARNING * * *
You barely miss the jackal.
The jackal is severely wounded.
The jackal bites you.
* * * LOW HITPOINT WARNING * * *
The jackal bites you.
* * * LOW HITPOINT WARNING * * *
Use which ability? (? or * to list)
Press: ? - help, Shift-Dir - straight line, f/p - jackal
Aim: a jackal (severely wounded)
The splash of poison hits the jackal.
The jackal is poisoned.
The jackal is almost dead.
You feel slightly more hungry. The jackal bites you.
You die...

#...#...#...#
################...#A..#...##
#>.................#####..)(####
#...................._..........
#############...................
#####.########...... ###### #..#
#...... ##....###..## #......
#.....h@....##########'#
#.....###.......# #.# #.....#
#.......# #.# #.....# #.......#
#.# #.##### #.......# #.# #.#
#.......# #.# #.# #.......# #.#
#h# #(......# #.# ##'##
#.......# #.#


You could see a jackal.

Vanquished Creatures
  3 adders (D:2)
  A worm (D:2)
  An ooze (D:2)
  3 bats
  4 hobgoblins
  7 jackals
  A ball python (D:1)
  3 giant newts (D:2)
  9 goblins
  9 kobolds
  7 rats
48 creatures vanquished.

Notes
Turn   | Place    | Note
--------------------------------------------------------------
     0 | D:1      | Kashira, the Naga Wizard, began the quest for the Orb.
     0 | D:1      | Reached XP level 1. HP: 15/15 MP: 4/4
   198 | D:1      | Reached XP level 2. HP: 22/22 MP: 1/6
   545 | D:1      | Learned a level 2 spell: Blink
   548 | D:1      | Learned a level 2 spell: Repel Missiles
   746 | D:1      | Reached XP level 3. HP: 28/28 MP: 4/8
  1191 | D:2      | Learned a level 3 spell: Conjure Flame
  1484 | D:2      | Found a glowing silver altar of Zin.
  1485 | D:2      | Noticed an angel
  1486 | D:2      | Found a shimmering altar of Xom.
  1602 | D:2      | Reached skill level 4 in Spellcasting
  1736 | D:2      | Reached XP level 4. HP: 36/36 MP: 7/11
  2023 | D:2      | HP: 1/37 [jackal (2)]
  2024 | D:2      | Slain by a jackal

Action                   |  1- 3 |  4- 6 || total
-------------------------+-------+-------++-------
Melee: Unarmed           |    45 |       ||    45
       Short sword       |     1 |       ||     1
       Mace              |       |     8 ||     8
 Cast: Magic Dart        |    79 |    23 ||   102
       Conjure Flame     |       |     1 ||     1
       Blink             |       |     1 ||     1
 Abil: Spit Poison       |    24 |     5 ||    29
 Stab: Sleeping          |     1 |       ||     1
  Eat: Chunk             |     3 |     1 ||     4
